 Dungeon Crawl Stone Soup version 0.29.0-4-gdea44cf6ec (webtiles) character file.

Game seed: 5140689788663936444

24370 qw the Brawler (level 12, -2/118 HPs)
             Began as a Troll Cinder Acolyte on Aug 31, 2022.
             Was an Elder of Okawaru.
             Slain by a 13-headed hydra (11 damage)
             ... on level 4 of the Lair of Beasts.
             The game lasted 00:07:28 (13640 turns).

qw the Brawler (Troll Cinder Acolyte)              Turns: 13640, Time: 00:07:29

Health: -2/118     AC: 13    Str: 28    XL:     12   Next: 80%
Magic:  14/15      EV: 12    Int:  9    God:    Okawaru [****..]
Gold:   705        SH:  0    Dex: 11    Spells: 13/13 levels left

rFire   . . .      SeeInvis .     - Unarmed
rCold   + . .      Faith    .   (no shield)
rNeg    . . .      Spirit   .   f - +2 robe {Will+}
rPois   +          Reflect  .   (helmet restricted)
rElec   +          Harm     .   d - +2 cloak
rCorr   +          Rampage  .   (gloves unavailable)
Will    +....                   (boots unavailable)
Stlth   ++++......              q - amulet of the Prince {Acrobat rElec rPois rC+ rCorr}
HPRegen 1.09/turn               b - +4 ring of slaying {mikee}
MPRegen 0.14/turn               r - +4 ring of protection

@: heroic, fire susceptible
A: large, unfitting armour, claws 3, regeneration 1, shaggy fur 1, tough skin 1,
antennae 1, thin skeletal structure 1, agile 1
a: Renounce Religion, Heroism, Finesse


You were on level 4 of the Lair of Beasts.
You worshipped Okawaru.
Okawaru was greatly pleased with you.
You visited 3 branches of the dungeon, and saw 15 of its levels.

You collected 705 gold pieces.


Innate Abilities, Weirdness & Mutations

You are too large for most types of armour.
You have claws for hands.
Your natural rate of healing is unusually fast.
You are covered in fur. (AC +1)
You have tough skin. (AC +1)
You have a pair of small antennae on your head.
You have a somewhat thin skeletal structure. (Dex +2, Stealth+)
You are agile. (Dex +4, Str/Int -1)


   Skills:
 - Level 7.0(12.0) Fighting
 + Level 4.1(9.1) Throwing
 - Level 1.1(6.1) Armour
 - Level 4.0(9.0) Dodging
 - Level 18.0(23.0) Unarmed Combat
 - Level 1.0 Spellcasting
 - Level 2.1 Fire Magic
 + Level 5.4 Invocations


You had 13 spell levels left.
You didn't know any spells.
Your spell library contained the following spells:

 Spells                   Type           Power      Damage    Failure   Level
 Scorch                   Fire           8%         2d5       22%         2

Inventory:

Missiles
 h - 9 boomerangs
 s - 2 javelins (quivered)
Armour
 d - a +2 cloak (worn)
 f - a +2 robe of willpower (worn)
 j - a +2 robe of cold resistance
Jewellery
 b - a +4 ring of slaying (left claw) {mikee}
 q - the amulet of the Prince (around neck) {Acrobat rElec rPois rC+ rCorr}
   (You found it on level 1 of the Lair of Beasts)

   [amulet of the acrobat]

   It increases your evasion while moving and waiting.
   rC:        It protects you from cold.
   rElec:     It insulates you from electricity.
   rPois:     It protects you from poison.
   rCorr:     It protects you from acid and corrosion.
 r - a +4 ring of protection (right claw)
Scrolls
 c - 5 scrolls of identify
 k - a scroll of brand weapon
 t - a scroll of teleportation
 u - a scroll of enchant weapon
Potions
 a - 3 potions of haste
 g - 3 potions of might
 i - a potion of cancellation
 m - 6 potions of curing
 n - a potion of heal wounds
 o - 2 potions of mutation
 p - 3 potions of resistance

Dungeon Overview and Level Annotations

Branches:
Dungeon (10/15)            Temple (1/1) D:6            Lair (4/5) D:10
 Shoals (0/4) Lair:3        Snake (0/4) Lair:3
  Slime: Lair:4-5       Orc: D:9-12

Altars:
Ashenzari
Cheibriados
Dithmenos
Elyvilon
Fedhas
Gozag
Hepliaklqana
Kikubaaqudgha
Makhleb
Nemelex Xobeh
Okawaru
Qazlal
Ru
Sif Muna
Trog
Uskayaw
Vehumet
Wu Jian
Xom
Yredelemnul
Zin
The Shining One

Shops:
D:9 (

Annotations:
D:4 2 runed translucent doors, qw's ghost, weakling TeWr
D:6 1 runed translucent door
D:10 1 runed translucent door


Message History

The eight-headed hydra bites you.
You tear one of the eight-headed hydra's heads off!
The seven-headed hydra grows two more!
You eviscerate the nine-headed hydra!!!
The nine-headed hydra is severely wounded.
You hear a croak. x2
You tear one of the nine-headed hydra's heads off!
The eight-headed hydra grows two more!
You mangle the ten-headed hydra!!
The ten-headed hydra is almost dead.
The ten-headed hydra bites you but does no damage.
The ten-headed hydra bites you!
The ten-headed hydra bites you but does no damage.
The ten-headed hydra closely misses you. x2
The ten-headed hydra misses you.
The ten-headed hydra completely misses you.
The ten-headed hydra bites you! The ten-headed hydra barely misses you.
The ten-headed hydra bites you!
You rip one of the ten-headed hydra's heads off!
The nine-headed hydra grows two more!
You scratch the 11-headed hydra.
The 11-headed hydra is severely wounded.
You claw one of the 11-headed hydra's heads off!
The ten-headed hydra grows two more!
You claw the 12-headed hydra!
The 12-headed hydra is severely wounded.
The 12-headed hydra bites you but does no damage.
The 12-headed hydra barely misses you. The 12-headed hydra bites you!
The 12-headed hydra closely misses you. The 12-headed hydra bites you!
The 12-headed hydra bites you but does no damage.
The 12-headed hydra bites you. The 12-headed hydra bites you!
The 12-headed hydra bites you but does no damage. x3
The 12-headed hydra barely misses you.
You claw one of the 12-headed hydra's heads off!
The 11-headed hydra grows two more!
You scratch the 13-headed hydra. You claw the 13-headed hydra!
The 13-headed hydra is severely wounded.
The 13-headed hydra bites you! x2
The 13-headed hydra bites you but does no damage.
The 13-headed hydra bites you! The 13-headed hydra closely misses you.
The 13-headed hydra bites you.
The 13-headed hydra bites you but does no damage.
The 13-headed hydra barely misses you. The 13-headed hydra bites you! x2
You die...

########### ##### #
...#P..#..###.#.##P##..(
................@D.((...
........................
........PPP.[...........
........PP..............
##.#.#P##PP...#.##.....#
#.############### .....#
### ....## ....#


You could see a 13-headed hydra.

Vanquished Creatures
  Fannar (Lair:2)
  A hydra (Lair:3)
  Amaemon (Lair:1)
  An ugly thing (D:8)
  A black mamba (Lair:2)
  A merfolk siren (Lair:3)
  6 elephants (Lair:2)
  An orange demon (Lair:1)
  3 cane toads
  6 rime drakes
  An unseen horror (D:10)
  6 komodo dragons
  Psyche (D:10)
  2 polar bears
  5 dream sheep (Lair:3)
  10 blink frogs (Lair:2)
  8 wyverns
  16 fire elementals
  27 yaks
  A steam dragon (D:8)
  4 basilisks (Lair:3)
  Grum (D:8)
  Menkaure (D:5)
  A naga (Lair:3)
  6 water moccasins
  5 orc warriors
  An ice beast (D:6)
  2 sky beasts (D:6)
  A black bear (D:5)
  3 wolves (D:8)
  5 centaurs
  4 bullfrogs
  A kobold brigand (D:9)
  3 elf skeletons (D:7)
  2 necrophages
  A gnoll sergeant (D:9)
  2 scorpions (D:6)
  11 wights
  9 killer bees (D:10)
  2 howler monkeys
  3 electric eels
  3 human zombies (D:7)
  9 hounds
  A jelly (D:8)
  8 orc priests
  3 iguanas
  A human skeleton (D:7)
  7 orc wizards
  11 hell rats (Lair:3)
  Robin (D:2)
  3 gnolls (D:9)
  14 adders
  3 shadow imps
  3 white imps
  A worm (D:4)
  3 dart slugs
  28 orcs
  15 endoplasms
  4 giant cockroaches
  20 goblins
  7 hobgoblins
  3 jackals (D:3)
  14 kobolds
  4 quokkas
  7 ball pythons
  5 bats
  2 frilled lizards
  2 orc skeletons (D:7)
  2 orc zombies (D:7)
  10 rats
361 creatures vanquished.

Vanquished Creatures (others)
  12 fungi
  27 plants
39 creatures vanquished.

Grand Total: 400 creatures vanquished

Notes
Turn   | Place    | Note
-------+----------+-------------------------------------------
     0 | D:1      | qw the Troll Cinder Acolyte began the quest for the Orb.
     0 | D:1      | Reached XP level 1. HP: 22/22 MP: 1/1
     0 | D:1      | 0 ||| qw: Version: 0.1-a-97-g2dd2ca4
     0 | D:1      | 0 ||| qw: Game counter: 4559
     0 | D:1      | 0 ||| qw: Always use a shield: true
     0 | D:1      | 0 ||| qw: God list: Okawaru
     0 | D:1      | 0 ||| qw: Allow faded altars: false
     0 | D:1      | 0 ||| qw: Do Orc after D:15 true
     0 | D:1      | 0 ||| qw: Do second Lair branch before Depths: true
     0 | D:1      | 0 ||| qw: Lair rune preference: random
     0 | D:1      | 0 ||| qw: Plans: Normal
     0 | D:1      | 0 ||| PLANNING D:1-11
   199 | D:1      | Reached XP level 2. HP: 29/29 MP: 2/2
   453 | D:1      | 453 ||| Stepping ~*~*~tactically~*~*~ (hiding).
   458 | D:1      | Reached skill level 4 in Unarmed Combat
   560 | D:1      | 560 ||| Stepping ~*~*~tactically~*~*~ (hiding).
   758 | D:1      | Reached XP level 3. HP: 36/36 MP: 3/3
   945 | D:1      | 945 ||| UPGRADING to +0 cloak.
   950 | D:1      | 950 ||| READING 3 scrolls labelled BIKHAU UTOOM.
   951 | D:1      | 951 ||| READING scroll labelled CEDGHO YCIVUGA.
   970 | D:1      | 970 ||| READING scroll labelled IGI PUUDDY.
   971 | D:1      | 971 ||| READING scroll labelled TIUMAADUOS.
   975 | D:1      | 975 ||| READING scroll labelled AZAGIJIMOI.
   976 | D:1      | 976 ||| READING 2 scrolls of identify.
   976 | D:1      | 976 ||| IDENTIFYING inky potion
   977 | D:1      | 977 ||| Stepping randomly (stuck).
   978 | D:1      | 978 ||| Stepping ~*~*~tactically~*~*~ (cloud).
  1039 | D:2      | 1039 ||| Stepping ~*~*~tactically~*~*~ (stealth).
  1109 | D:2      | 1109 ||| Stepping ~*~*~tactically~*~*~ (stealth).
  1111 | D:2      | 1111 ||| Stepping ~*~*~tactically~*~*~ (stealth).
  1124 | D:2      | 1124 ||| Stepping ~*~*~tactically~*~*~ (stealth).
  1127 | D:2      | 1127 ||| Stepping ~*~*~tactically~*~*~ (stealth).
  1127 | D:2      | Noticed Robin
  1128 | D:2      | 1128 ||| INVOKING Fiery Armour.
  1133 | D:2      | 1133 ||| Stepping ~*~*~tactically~*~*~ (outnumbered).
  1135 | D:2      | 1135 ||| Stepping ~*~*~tactically~*~*~ (hiding).
  1145 | D:2      | Reached XP level 4. HP: 41/44 MP: 4/4
  1150 | D:2      | Killed Robin
  1151 | D:2      | Reached skill level 5 in Unarmed Combat
  1332 | D:2      | Found a faded altar of an unknown god.
  1752 | D:2      | 1752 ||| UPGRADING to amulet of guardian spirit.
  1757 | D:2      | 1757 ||| READING 3 scrolls of identify.
  1757 | D:2      | 1757 ||| IDENTIFYING fizzy inky potion
  1758 | D:2      | 1758 ||| READING 2 scrolls of identify.
  1758 | D:2      | 1758 ||| IDENTIFYING ruby potion
  1759 | D:2      | 1759 ||| DROPPING potion of ambrosia.
  1773 | D:3      | 1773 ||| STAIRDANCE
  1786 | D:3      | 1786 ||| STAIRDANCE
  1790 | D:2      | Reached XP level 5. HP: 49/50 MP: 5/5
  1794 | D:3      | 1794 ||| Stepping ~*~*~tactically~*~*~ (outnumbered).
  1795 | D:3      | 1795 ||| Stepping ~*~*~tactically~*~*~ (outnumbered).
  1796 | D:3      | 1796 ||| Stepping ~*~*~tactically~*~*~ (outnumbered).
  1822 | D:3      | 1822 ||| Stepping ~*~*~tactically~*~*~ (hiding).
  1825 | D:3      | 1825 ||| Stepping ~*~*~tactically~*~*~ (hiding).
  1827 | D:3      | 1827 ||| Stepping ~*~*~tactically~*~*~ (hiding).
  1973 | D:3      | 1973 ||| Stepping ~*~*~tactically~*~*~ (stealth).
  1976 | D:3      | 1976 ||| Stepping ~*~*~tactically~*~*~ (stealth).
  1977 | D:3      | 1977 ||| Stepping ~*~*~tactically~*~*~ (stealth).
  1981 | D:3      | Reached skill level 6 in Unarmed Combat
  1995 | D:3      | 1995 ||| Stepping ~*~*~tactically~*~*~ (stealth).
  2015 | D:3      | 2015 ||| Stepping ~*~*~tactically~*~*~ (stealth).
  2023 | D:3      | 2023 ||| Stepping ~*~*~tactically~*~*~ (stealth).
  2027 | D:3      | 2027 ||| Stepping ~*~*~tactically~*~*~ (stealth).
  2033 | D:3      | 2033 ||| Stepping ~*~*~tactically~*~*~ (stealth).
  2041 | D:3      | 2041 ||| Stepping ~*~*~tactically~*~*~ (stealth).
  2056 | D:3      | 2056 ||| Stepping ~*~*~tactically~*~*~ (hiding).
  2450 | D:3      | 2450 ||| Stepping ~*~*~tactically~*~*~ (hiding).
  2462 | D:3      | 2462 ||| Stepping ~*~*~tactically~*~*~ (stealth).
  2466 | D:3      | 2466 ||| Stepping ~*~*~tactically~*~*~ (stealth).
  2475 | D:3      | Found the +7 staff of the Meek {protect, meekguard}
  2598 | D:3      | 2598 ||| READING scroll labelled LUJOHA WUIS.
  2599 | D:3      | 2599 ||| READING scroll labelled OPSISM XOTUFF.
  2600 | D:3      | 2600 ||| READING 2 scrolls of identify.
  2600 | D:3      | 2600 ||| IDENTIFYING cyan potion
  2601 | D:3      | 2601 ||| DROPPING potion of lignification.
  2643 | D:4      | 2643 ||| Stepping ~*~*~tactically~*~*~ (hiding).
  2674 | D:4      | 2674 ||| Stepping ~*~*~tactically~*~*~ (outnumbered).
  2676 | D:4      | Reached skill level 7 in Unarmed Combat
  2676 | D:4      | Reached XP level 6. HP: 52/59 MP: 4/6
  2780 | D:4      | 2780 ||| Stepping ~*~*~tactically~*~*~ (stealth).
  2824 | D:4      | 2824 ||| Stepping ~*~*~tactically~*~*~ (stealth).
  2829 | D:4      | 2829 ||| Stepping ~*~*~tactically~*~*~ (stealth).
  2830 | D:4      | 2830 ||| Stepping ~*~*~tactically~*~*~ (stealth).
  2833 | D:4      | 2833 ||| Stepping ~*~*~tactically~*~*~ (stealth).
  2880 | D:4      | 2880 ||| Stepping ~*~*~tactically~*~*~ (stealth).
  2996 | D:4      | Found a large runed translucent door.
  2996 | D:4      | Found a large runed translucent door.
  2997 | D:4      | Noticed qw's ghost (weakling TeWr)
  3249 | D:4      | 3249 ||| READING scroll labelled KUIMOE FOWKA.
  3250 | D:4      | 3250 ||| READING scroll labelled PIUDAN ENERIET.
  3251 | D:4      | 3251 ||| READING scroll labelled BIEKISOGOXE.
  3252 | D:4      | 3252 ||| READING 3 scrolls of identify.
  3252 | D:4      | 3252 ||| IDENTIFYING viscous coppery potion
  3271 | D:5      | Entered Level 5 of the Dungeon
  3283 | D:5      | Noticed Menkaure
  3284 | D:5      | 3284 ||| FLEEEEING.
  3285 | D:5      | 3285 ||| FLEEEEING.
  3286 | D:5      | 3286 ||| FLEEEEING.
  3295 | D:5      | 3295 ||| STAIRDANCE
  3348 | D:5      | Killed Menkaure
  3349 | D:5      | Reached skill level 8 in Unarmed Combat
  3349 | D:5      | Reached XP level 7. HP: 57/66 MP: 4/7
  3435 | D:5      | 3435 ||| Stepping ~*~*~tactically~*~*~ (hiding).
  3436 | D:5      | 3436 ||| Stepping ~*~*~tactically~*~*~ (hiding).
  3437 | D:5      | 3437 ||| Stepping ~*~*~tactically~*~*~ (hiding).
  3438 | D:5      | 3438 ||| Stepping ~*~*~tactically~*~*~ (hiding).
  3445 | D:5      | Reached skill level 3 in Fighting
  3542 | D:5      | 3542 ||| Stepping ~*~*~tactically~*~*~ (stealth).
  3544 | D:5      | 3544 ||| Stepping ~*~*~tactically~*~*~ (hiding).
  4110 | D:6      | Found a runed translucent door.
  4182 | D:6      | Found a staircase to the Ecumenical Temple.
  4206 | D:6      | 4206 ||| Stepping ~*~*~tactically~*~*~ (stealth).
  4211 | D:6      | Reached skill level 9 in Unarmed Combat
  4243 | D:6      | 4243 ||| Stepping ~*~*~tactically~*~*~ (hiding).
  4244 | D:6      | 4244 ||| Stepping ~*~*~tactically~*~*~ (hiding).
  4250 | D:6      | 4250 ||| Stepping ~*~*~tactically~*~*~ (stealth).
  4255 | D:6      | 4255 ||| INVOKING Fiery Armour.
  4257 | D:6      | 4257 ||| Stepping ~*~*~tactically~*~*~ (outnumbered).
  4260 | D:6      | Reached skill level 1 in Throwing
  4266 | D:6      | Reached skill level 1 in Dodging
  4343 | D:6      | Reached XP level 8. HP: 74/75 MP: 8/8
  4810 | D:6      | 4810 ||| READING scroll labelled CYGINLU YKHLU.
  4811 | D:6      | 4811 ||| READING scroll labelled HECKET VOARENO.
  4831 | D:7      | 4831 ||| PLANNING OSSUARY
  4831 | D:7      | 4831 ||| STAIRDANCE
  4893 | D:7      | 4893 ||| STAIRDANCE
  4900 | D:6      | 4900 ||| INVOKING Fiery Armour.
  4904 | D:6      | Reached skill level 10 in Unarmed Combat
  4909 | D:6      | HP: 19/78 [poisoned by a scorpion]
  4914 | D:6      | HP: 18/78 [poisoned by a scorpion]
  5009 | D:7      | 5009 ||| STAIRDANCE
  5082 | D:7      | 5082 ||| STAIRDANCE
  5086 | D:6      | 5086 ||| INVOKING Fiery Armour.
  5087 | D:6      | HP: 14/78 [orc warrior/+0 glaive (9)]
  5088 | D:6      | 5088 ||| READING 3 scrolls of teleportation.
  5089 | D:6      | 5089 ||| DRINKING potion of heal wounds.
  5216 | D:7      | 5216 ||| FLEEEEING.
  5217 | D:7      | 5217 ||| STAIRDANCE
  5354 | D:7      | 5354 ||| STAIRDANCE
  5361 | D:6      | 5361 ||| INVOKING Fiery Armour.
  5364 | D:6      | HP: 15/78 [something (5)]
  5369 | D:6      | HP: 11/78 [poisoned by a water moccasin]
  5473 | D:7      | 5473 ||| STAIRDANCE
  5509 | D:7      | 5509 ||| RIP OSSUARY
  5510 | D:7      | 5510 ||| PLANNING D:1-11
  5510 | D:7      | 5510 ||| STAIRDANCE
  5516 | D:6      | Reached skill level 11 in Unarmed Combat
  5519 | D:6      | 5519 ||| INVOKING Fiery Armour.
  5521 | D:6      | Reached XP level 9. HP: 43/84 MP: 4/9
  5691 | D:7      | Identified the +4 morningstar "Eniawkit" {speed, Dex+4
                  | Stlth+}
  5784 | D:7      | 5784 ||| READING scroll of enchant armour.
  5784 | D:7      | 5784 ||| ENCHANTING +0 cloak.
  6087 | D:7      | 6087 ||| UPGRADING to ring of resist corrosion.
  6088 | D:7      | 6088 ||| READING scroll labelled WIHACV PEFFUTSUE.
  6089 | D:7      | 6089 ||| DRINKING 2 metallic coppery potions.
  6090 | D:7      | 6090 ||| DRINKING 2 fuming white potions.
  6090 | D:7      | Gained mutation: You have a somewhat thin skeletal
                  | structure. (Dex +2, Stealth+) [potion of mutation]
  6090 | D:7      | Gained mutation: You have a pair of small antennae on your
                  | head. [potion of mutation]
  6090 | D:7      | Gained mutation: You are agile. (Dex +4, Str/Int -1)
                  | [potion of mutation]
  6091 | D:7      | 6091 ||| DROPPING potion of brilliance.
  6113 | D:8      | Noticed Grum
  6114 | D:8      | 6114 ||| INVOKING Fiery Armour.
  6127 | D:8      | Killed Grum
  6225 | D:8      | Reached skill level 12 in Unarmed Combat
  6365 | D:8      | 6365 ||| Stepping ~*~*~tactically~*~*~ (stealth).
  6409 | D:8      | Noticed a white ugly thing
  6410 | D:8      | 6410 ||| Stepping ~*~*~tactically~*~*~ (stealth).
  6411 | D:8      | 6411 ||| Stepping ~*~*~tactically~*~*~ (stealth).
  6413 | D:8      | 6413 ||| Stepping ~*~*~tactically~*~*~ (stealth).
  6424 | D:8      | 6424 ||| INVOKING Fiery Armour.
  6426 | D:8      | HP: 22/88 [white ugly thing (11)]
  6426 | D:8      | Killed a white ugly thing
  6577 | D:8      | 6577 ||| Stepping ~*~*~tactically~*~*~ (hiding).
  6580 | D:8      | 6580 ||| Stepping ~*~*~tactically~*~*~ (hiding).
  6581 | D:8      | 6581 ||| Stepping ~*~*~tactically~*~*~ (stealth).
  6582 | D:8      | 6582 ||| Stepping ~*~*~tactically~*~*~ (hiding).
  6584 | D:8      | 6584 ||| INVOKING Fiery Armour.
  6592 | D:8      | 6592 ||| Stepping ~*~*~tactically~*~*~ (outnumbered).
  6593 | D:8      | 6593 ||| Stepping ~*~*~tactically~*~*~ (outnumbered).
  6594 | D:8      | 6594 ||| Stepping ~*~*~tactically~*~*~ (stealth).
  6595 | D:8      | 6595 ||| Stepping ~*~*~tactically~*~*~ (stealth).
  6597 | D:8      | 6597 ||| Stepping ~*~*~tactically~*~*~ (stealth).
  6598 | D:8      | 6598 ||| Stepping ~*~*~tactically~*~*~ (stealth).
  6602 | D:8      | 6602 ||| Stepping ~*~*~tactically~*~*~ (stealth).
  6755 | D:8      | 6755 ||| READING 6 scrolls of identify.
  6755 | D:8      | 6755 ||| IDENTIFYING bubbling amethyst potion
  6756 | D:8      | 6756 ||| READING 5 scrolls of identify.
  6756 | D:8      | 6756 ||| IDENTIFYING fuming inky potion
  6757 | D:8      | 6757 ||| DROPPING potion of invisibility.
  6775 | D:9      | 6775 ||| STAIRDANCE
  6935 | D:9      | Found a glowing golden altar of the Shining One.
  6940 | D:9      | Identified the +1 ring mail of the Eight Runes {rC+ Int+2
                  | Stlth+}
  6979 | D:9      | 6979 ||| Stepping ~*~*~tactically~*~*~ (stealth).
  7021 | D:9      | 7021 ||| Stepping ~*~*~tactically~*~*~ (hiding).
  7029 | D:9      | Reached skill level 13 in Unarmed Combat
  7029 | D:9      | Reached XP level 10. HP: 79/96 MP: 7/10
  7140 | D:9      | Found a glowing silver altar of Zin.
  7146 | D:9      | 7146 ||| Stepping ~*~*~tactically~*~*~ (stealth).
  7148 | D:9      | 7148 ||| Stepping ~*~*~tactically~*~*~ (stealth).
  7157 | D:9      | Reached skill level 1 in Armour
  7169 | D:9      | Found Bupuot's Weapon Boutique.
  7205 | D:9      | 7205 ||| Stepping ~*~*~tactically~*~*~ (hiding).
  7308 | D:9      | 7308 ||| Stepping ~*~*~tactically~*~*~ (hiding).
  7410 | D:9      | 7410 ||| Stepping ~*~*~tactically~*~*~ (hiding).
  7512 | D:9      | 7512 ||| Stepping ~*~*~tactically~*~*~ (hiding).
  7614 | D:9      | 7614 ||| Stepping ~*~*~tactically~*~*~ (hiding).
  7631 | D:9      | Reached skill level 3 in Dodging
  7639 | D:9      | 7639 ||| Stepping ~*~*~tactically~*~*~ (stealth).
  7671 | D:9      | 7671 ||| Stepping ~*~*~tactically~*~*~ (stealth).
  7676 | D:9      | 7676 ||| Stepping ~*~*~tactically~*~*~ (stealth).
  7678 | D:9      | 7678 ||| Stepping ~*~*~tactically~*~*~ (hiding).
  7679 | D:9      | 7679 ||| Stepping ~*~*~tactically~*~*~ (hiding).
  7680 | D:9      | 7680 ||| Stepping ~*~*~tactically~*~*~ (hiding).
  7736 | D:9      | 7736 ||| Stepping ~*~*~tactically~*~*~ (outnumbered).
  7737 | D:9      | 7737 ||| Stepping ~*~*~tactically~*~*~ (outnumbered).
  7742 | D:9      | 7742 ||| INVOKING Fiery Armour.
  7862 | D:9      | You fall into a shaft and drop 1 floor!
  7862 | D:10     | Entered Level 10 of the Dungeon
  7863 | D:10     | 7863 ||| UPGRADING to +0 robe of willpower.
  7873 | D:10     | 7873 ||| DROPPING +0 robe.
  8071 | D:10     | 8071 ||| STAIRDANCE
  8084 | D:10     | 8084 ||| STAIRDANCE
  8139 | D:10     | 8139 ||| Stepping ~*~*~tactically~*~*~ (outnumbered).
  8140 | D:10     | 8140 ||| Stepping ~*~*~tactically~*~*~ (outnumbered).
  8141 | D:10     | 8141 ||| Stepping ~*~*~tactically~*~*~ (outnumbered).
  8142 | D:10     | 8142 ||| Stepping ~*~*~tactically~*~*~ (outnumbered).
  8146 | D:10     | Reached skill level 14 in Unarmed Combat
  8321 | D:10     | Reached skill level 6 in Fighting
  8386 | D:10     | Found a shimmering blue altar of Sif Muna.
  8391 | D:10     | 8391 ||| DROPPING ring of ice.
  8409 | D:10     | Reached skill level 3 in Throwing
  8473 | D:10     | Found a runed translucent door.
  8474 | D:10     | Found a burning altar of Makhleb.
  8474 | D:10     | Noticed a sixfirhy
  8478 | D:10     | Noticed Psyche
  8484 | D:10     | Killed Psyche
  8683 | D:10     | 8683 ||| FLEEEEING.
  8684 | D:10     | 8684 ||| FLEEEEING.
  8685 | D:10     | 8685 ||| FLEEEEING.
  8686 | D:10     | 8686 ||| FLEEEEING.
  8692 | D:10     | Reached XP level 11. HP: 94/105 MP: 8/11
  8868 | D:10     | 8868 ||| INVOKING Fiery Armour.
  8872 | D:10     | HP: 25/105 [poisoned by a killer bee]
  8873 | D:10     | 8873 ||| READING 3 scrolls of teleportation.
  8873 | D:10     | HP: 11/105 [killer bee (2)]
  8874 | D:10     | 8874 ||| DRINKING potion of heal wounds.
  8878 | D:10     | HP: 24/105 [poisoned by a killer bee]
  8883 | D:10     | HP: 23/105 [poisoned by a killer bee]
  9020 | D:10     | 9020 ||| Stepping ~*~*~tactically~*~*~ (hiding).
  9046 | D:10     | Found a staircase to the Lair.
  9253 | D:10     | 9253 ||| PLANNING LAIR
  9253 | D:10     | 9253 ||| UPGRADING to +2 robe of willpower.
  9263 | D:10     | 9263 ||| DROPPING +0 robe of willpower.
  9264 | D:10     | 9264 ||| UPGRADING to +4 ring of protection.
  9265 | D:10     | 9265 ||| READING 6 scrolls of identify.
  9265 | D:10     | 9265 ||| IDENTIFYING white potion
  9266 | D:10     | 9266 ||| READING 5 scrolls of identify.
  9266 | D:10     | 9266 ||| IDENTIFYING bubbling blue potion
  9267 | D:10     | 9267 ||| DROPPING potion of degeneration.
  9332 | Lair:1   | Entered Level 1 of the Lair of Beasts
  9336 | Lair:1   | Reached skill level 15 in Unarmed Combat
  9367 | Lair:1   | Noticed Amaemon
  9368 | Lair:1   | 9368 ||| Stepping ~*~*~tactically~*~*~ (hiding).
  9470 | Lair:1   | 9470 ||| Stepping ~*~*~tactically~*~*~ (hiding).
  9476 | Lair:1   | 9476 ||| Stepping ~*~*~tactically~*~*~ (outnumbered).
  9485 | Lair:1   | 9485 ||| INVOKING Fiery Armour.
  9488 | Lair:1   | HP: 26/105 [poisoned by Amaemon]
  9489 | Lair:1   | 9489 ||| READING 2 scrolls of teleportation.
  9491 | Lair:1   | 9491 ||| Stepping ~*~*~tactically~*~*~ (outnumbered).
  9493 | Lair:1   | HP: 16/105 [poisoned by Amaemon]
  9498 | Lair:1   | HP: 16/105 [poisoned by Amaemon]
  9586 | Lair:1   | Identified the amulet of the Prince {Acrobat rElec rPois
                  | rC+ rCorr}
  9616 | Lair:1   | 9616 ||| Stepping ~*~*~tactically~*~*~ (outnumbered).
  9617 | Lair:1   | 9617 ||| Stepping ~*~*~tactically~*~*~ (outnumbered).
  9618 | Lair:1   | 9618 ||| Stepping ~*~*~tactically~*~*~ (outnumbered).
  9619 | Lair:1   | 9619 ||| Stepping ~*~*~tactically~*~*~ (outnumbered).
  9620 | Lair:1   | 9620 ||| Stepping ~*~*~tactically~*~*~ (outnumbered).
  9628 | Lair:1   | HP: 26/105 [poisoned by scorpion (concentrated venom)]
  9629 | Lair:1   | 9629 ||| READING scroll of teleportation.
  9630 | Lair:1   | HP: 9/105 [Amaemon/+1 demon whip of venom (7)]
  9631 | Lair:1   | HP: 4/105 [Amaemon/+1 demon whip of venom (2)]
  9632 | Lair:1   | Killed Amaemon
  9633 | Lair:1   | 9633 ||| DRINKING 6 potions of curing.
  9633 | Lair:1   | 9633 ||| (to cure poison)
  9807 | Lair:1   | 9807 ||| Stepping ~*~*~tactically~*~*~ (hiding).
  9838 | Lair:1   | 9838 ||| Stepping ~*~*~tactically~*~*~ (stealth).
  9839 | Lair:1   | 9839 ||| Stepping ~*~*~tactically~*~*~ (stealth).
  9840 | Lair:1   | 9840 ||| Stepping ~*~*~tactically~*~*~ (stealth).
  9844 | Lair:1   | 9844 ||| Stepping ~*~*~tactically~*~*~ (outnumbered).
  9845 | Lair:1   | 9845 ||| Stepping ~*~*~tactically~*~*~ (outnumbered).
  9846 | Lair:1   | 9846 ||| Stepping ~*~*~tactically~*~*~ (outnumbered).
  9847 | Lair:1   | 9847 ||| Stepping ~*~*~tactically~*~*~ (outnumbered).
  9848 | Lair:1   | 9848 ||| Stepping ~*~*~tactically~*~*~ (outnumbered).
  9849 | Lair:1   | 9849 ||| Stepping ~*~*~tactically~*~*~ (outnumbered).
  9855 | Lair:1   | 9855 ||| Stepping ~*~*~tactically~*~*~ (outnumbered).
  9856 | Lair:1   | 9856 ||| PLANNING TEMPLE
  9856 | Lair:1   | 9856 ||| Stepping ~*~*~tactically~*~*~ (outnumbered).
  9857 | Lair:1   | 9857 ||| Stepping ~*~*~tactically~*~*~ (outnumbered).
  9858 | Lair:1   | 9858 ||| Stepping ~*~*~tactically~*~*~ (outnumbered).
  9860 | Lair:1   | 9860 ||| Stepping ~*~*~tactically~*~*~ (outnumbered).
  9861 | Lair:1   | 9861 ||| Stepping ~*~*~tactically~*~*~ (outnumbered).
  9862 | Lair:1   | 9862 ||| Stepping ~*~*~tactically~*~*~ (outnumbered).
  9863 | Lair:1   | 9863 ||| Stepping ~*~*~tactically~*~*~ (outnumbered).
  9864 | Lair:1   | 9864 ||| Stepping ~*~*~tactically~*~*~ (outnumbered).
  9865 | Lair:1   | 9865 ||| Stepping ~*~*~tactically~*~*~ (outnumbered).
  9866 | Lair:1   | 9866 ||| Stepping ~*~*~tactically~*~*~ (outnumbered).
  9867 | Lair:1   | 9867 ||| Stepping ~*~*~tactically~*~*~ (outnumbered).
  9868 | Lair:1   | 9868 ||| Stepping ~*~*~tactically~*~*~ (outnumbered).
  9869 | Lair:1   | 9869 ||| Stepping ~*~*~tactically~*~*~ (outnumbered).
  9870 | Lair:1   | 9870 ||| Stepping ~*~*~tactically~*~*~ (outnumbered).
  9871 | Lair:1   | 9871 ||| Stepping ~*~*~tactically~*~*~ (outnumbered).
  9872 | Lair:1   | 9872 ||| Stepping ~*~*~tactically~*~*~ (outnumbered).
  9873 | Lair:1   | 9873 ||| Stepping ~*~*~tactically~*~*~ (outnumbered).
  9874 | Lair:1   | 9874 ||| Stepping ~*~*~tactically~*~*~ (outnumbered).
  9875 | Lair:1   | 9875 ||| Stepping ~*~*~tactically~*~*~ (outnumbered).
  9876 | Lair:1   | 9876 ||| Stepping ~*~*~tactically~*~*~ (outnumbered).
  9877 | Lair:1   | 9877 ||| Stepping ~*~*~tactically~*~*~ (outnumbered).
  9878 | Lair:1   | 9878 ||| Stepping ~*~*~tactically~*~*~ (outnumbered).
  9879 | Lair:1   | 9879 ||| Stepping ~*~*~tactically~*~*~ (outnumbered).
  9881 | Lair:1   | 9881 ||| Stepping ~*~*~tactically~*~*~ (outnumbered).
  9882 | Lair:1   | 9882 ||| Stepping ~*~*~tactically~*~*~ (outnumbered).
  9883 | Lair:1   | 9883 ||| Stepping ~*~*~tactically~*~*~ (outnumbered).
  9884 | Lair:1   | 9884 ||| Stepping ~*~*~tactically~*~*~ (outnumbered).
  9890 | Lair:1   | 9890 ||| Stepping ~*~*~tactically~*~*~ (outnumbered).
  9892 | Lair:1   | 9892 ||| Stepping ~*~*~tactically~*~*~ (outnumbered).
  9893 | Lair:1   | 9893 ||| Stepping ~*~*~tactically~*~*~ (outnumbered).
  9894 | Lair:1   | 9894 ||| Stepping ~*~*~tactically~*~*~ (outnumbered).
  9895 | Lair:1   | 9895 ||| Stepping ~*~*~tactically~*~*~ (outnumbered).
  9897 | Lair:1   | Reached skill level 16 in Unarmed Combat
  9948 | Lair:1   | 9948 ||| DROPPING scarf of shadows.
  9949 | Lair:1   | 9949 ||| UPGRADING to amulet of the Prince {Acrobat rElec
                  | rPois rC+ rCorr}.
  9959 | Lair:1   | 9959 ||| REMOVING ring of resist corrosion.
  9960 | Lair:1   | 9960 ||| UPGRADING to +4 ring of slaying {mikee}.
  9961 | Lair:1   | 9961 ||| DROPPING ring of ice.
  9962 | Lair:1   | 9962 ||| DROPPING ring of resist corrosion.
  9963 | Lair:1   | 9963 ||| DRINKING 2 orange potions.
  9964 | Lair:1   | 9964 ||| DROPPING potion of flight.
 10135 | Temple   | Entered the Ecumenical Temple
 10195 | Temple   | 10195 ||| PLANNING CONVERSION TO OKAWARU
 10202 | Temple   | Fell from the grace of Ignis
 10202 | Temple   | Became a worshipper of Warmaster Okawaru
 10203 | Temple   | 10203 ||| PLANNING LAIR
 10203 | Temple   | 10203 ||| DROPPING amulet of guardian spirit.
 10811 | Lair:1   | 10811 ||| READING 5 scrolls of identify.
 10811 | Lair:1   | 10811 ||| IDENTIFYING sedimented inky potion
 10829 | Lair:2   | Noticed Fannar
 10840 | Lair:2   | 10840 ||| Stepping ~*~*~tactically~*~*~ (outnumbered).
 10841 | Lair:2   | 10841 ||| Stepping ~*~*~tactically~*~*~ (outnumbered).
 10842 | Lair:2   | 10842 ||| Stepping ~*~*~tactically~*~*~ (outnumbered).
 10843 | Lair:2   | 10843 ||| Stepping ~*~*~tactically~*~*~ (outnumbered).
 10844 | Lair:2   | 10844 ||| Stepping ~*~*~tactically~*~*~ (outnumbered).
 10845 | Lair:2   | 10845 ||| Stepping ~*~*~tactically~*~*~ (outnumbered).
 10848 | Lair:2   | 10848 ||| Stepping ~*~*~tactically~*~*~ (outnumbered).
 10855 | Lair:2   | 10855 ||| Stepping ~*~*~tactically~*~*~ (outnumbered).
 10857 | Lair:2   | 10857 ||| Stepping ~*~*~tactically~*~*~ (outnumbered).
 10864 | Lair:2   | Killed Fannar
 10883 | Lair:2   | 10883 ||| Stepping ~*~*~tactically~*~*~ (stealth).
 10891 | Lair:2   | Reached * piety under Okawaru
 10892 | Lair:2   | 10892 ||| INVOKING Heroism.
 10895 | Lair:2   | Reached skill level 1 in Invocations
 10913 | Lair:2   | 10913 ||| INVOKING Heroism.
 10937 | Lair:2   | 10937 ||| Stepping ~*~*~tactically~*~*~ (stealth).
 10977 | Lair:2   | 10977 ||| Stepping ~*~*~tactically~*~*~ (stealth).
 10981 | Lair:2   | 10981 ||| Stepping ~*~*~tactically~*~*~ (stealth).
 10984 | Lair:2   | 10984 ||| Stepping ~*~*~tactically~*~*~ (stealth).
 10986 | Lair:2   | 10986 ||| Stepping ~*~*~tactically~*~*~ (stealth).
 11062 | Lair:2   | 11062 ||| INVOKING Heroism.
 11070 | Lair:2   | Reached skill level 3 in Invocations
 11070 | Lair:2   | Reached ** piety under Okawaru
 11072 | Lair:2   | 11072 ||| Stepping ~*~*~tactically~*~*~ (outnumbered).
 11073 | Lair:2   | 11073 ||| Stepping ~*~*~tactically~*~*~ (outnumbered).
 11074 | Lair:2   | 11074 ||| Stepping ~*~*~tactically~*~*~ (outnumbered).
 11075 | Lair:2   | 11075 ||| Stepping ~*~*~tactically~*~*~ (outnumbered).
 11076 | Lair:2   | 11076 ||| Stepping ~*~*~tactically~*~*~ (outnumbered).
 11077 | Lair:2   | 11077 ||| Stepping ~*~*~tactically~*~*~ (outnumbered).
 11078 | Lair:2   | 11078 ||| INVOKING Heroism.
 11080 | Lair:2   | 11080 ||| Stepping ~*~*~tactically~*~*~ (outnumbered).
 11092 | Lair:2   | Reached XP level 12. HP: 45/118 MP: 10/13
 11095 | Lair:2   | HP: 27/118 [electric eel/bolt of electricity (4)]
 11096 | Lair:2   | 11096 ||| READING scroll of teleportation.
 11099 | Lair:2   | HP: 6/118 [elephant (11)]
 11119 | Lair:2   | 11119 ||| Stepping ~*~*~tactically~*~*~ (stealth).
 11150 | Lair:2   | 11150 ||| INVOKING Heroism.
 11217 | Lair:2   | 11217 ||| INVOKING Heroism.
 11267 | Lair:2   | 11267 ||| INVOKING Heroism.
 11274 | Lair:2   | Reached skill level 17 in Unarmed Combat
 11317 | Lair:2   | Reached *** piety under Okawaru
 11409 | Lair:2   | 11409 ||| Stepping ~*~*~tactically~*~*~ (stealth).
 11517 | Lair:2   | 11517 ||| INVOKING Heroism.
 11726 | Lair:2   | 11726 ||| Stepping ~*~*~tactically~*~*~ (stealth).
 11819 | Lair:2   | 11819 ||| Stepping ~*~*~tactically~*~*~ (stealth).
 11821 | Lair:2   | 11821 ||| Stepping ~*~*~tactically~*~*~ (stealth).
 11822 | Lair:2   | 11822 ||| INVOKING Heroism.
 12002 | Lair:2   | 12002 ||| READING 4 scrolls of identify.
 12002 | Lair:2   | 12002 ||| IDENTIFYING grey potion
 12003 | Lair:2   | 12003 ||| DROPPING potion of berserk rage.
 12030 | Lair:3   | 12030 ||| Stepping ~*~*~tactically~*~*~ (hiding).
 12046 | Lair:3   | 12046 ||| Stepping ~*~*~tactically~*~*~ (stealth).
 12052 | Lair:3   | 12052 ||| Stepping ~*~*~tactically~*~*~ (hiding).
 12060 | Lair:3   | 12060 ||| INVOKING Heroism.
 12064 | Lair:3   | 12064 ||| Stepping ~*~*~tactically~*~*~ (outnumbered).
 12072 | Lair:3   | Received a gift from Okawaru
 12073 | Lair:3   | 12073 ||| Stepping ~*~*~tactically~*~*~ (outnumbered).
 12074 | Lair:3   | 12074 ||| Stepping ~*~*~tactically~*~*~ (outnumbered).
 12085 | Lair:3   | 12085 ||| FLEEEEING.
 12086 | Lair:3   | 12086 ||| FLEEEEING.
 12087 | Lair:3   | 12087 ||| FLEEEEING.
 12088 | Lair:3   | 12088 ||| FLEEEEING.
 12089 | Lair:3   | 12089 ||| FLEEEEING.
 12090 | Lair:3   | 12090 ||| FLEEEEING.
 12092 | Lair:3   | 12092 ||| STAIRDANCE
 12110 | Lair:3   | 12110 ||| STAIRDANCE
 12138 | Lair:2   | 12138 ||| Stepping ~*~*~tactically~*~*~ (outnumbered).
 12174 | Lair:3   | 12174 ||| STAIRDANCE
 12194 | Lair:3   | 12194 ||| Stepping ~*~*~tactically~*~*~ (stealth).
 12206 | Lair:3   | 12206 ||| Stepping ~*~*~tactically~*~*~ (stealth).
 12258 | Lair:3   | Noticed a four-headed hydra
 12259 | Lair:3   | 12259 ||| Stepping ~*~*~tactically~*~*~ (stealth).
 12260 | Lair:3   | 12260 ||| Stepping ~*~*~tactically~*~*~ (stealth).
 12262 | Lair:3   | 12262 ||| INVOKING Heroism.
 12265 | Lair:3   | Reached **** piety under Okawaru
 12273 | Lair:3   | Killed a nine-headed hydra
 12353 | Lair:3   | 12353 ||| Stepping ~*~*~tactically~*~*~ (hiding).
 12412 | Lair:3   | Found a staircase to the Snake Pit.
 12417 | Lair:3   | 12417 ||| Stepping ~*~*~tactically~*~*~ (hiding).
 12519 | Lair:3   | 12519 ||| Stepping ~*~*~tactically~*~*~ (hiding).
 12621 | Lair:3   | 12621 ||| Stepping ~*~*~tactically~*~*~ (hiding).
 12623 | Lair:3   | 12623 ||| Stepping ~*~*~tactically~*~*~ (hiding).
 12749 | Lair:3   | 12749 ||| INVOKING Heroism.
 12879 | Lair:3   | 12879 ||| Stepping ~*~*~tactically~*~*~ (stealth).
 12880 | Lair:3   | 12880 ||| Stepping ~*~*~tactically~*~*~ (stealth).
 12885 | Lair:3   | 12885 ||| Stepping ~*~*~tactically~*~*~ (stealth).
 12894 | Lair:3   | 12894 ||| Stepping ~*~*~tactically~*~*~ (outnumbered).
 12895 | Lair:3   | 12895 ||| Stepping ~*~*~tactically~*~*~ (stealth).
 12901 | Lair:3   | Reached skill level 18 in Unarmed Combat
 12926 | Lair:3   | 12926 ||| READING scroll of enchant armour.
 12926 | Lair:3   | 12926 ||| ENCHANTING +1 cloak.
 12951 | Lair:3   | 12951 ||| Stepping ~*~*~tactically~*~*~ (stealth).
 12952 | Lair:3   | 12952 ||| Stepping ~*~*~tactically~*~*~ (stealth).
 13183 | Lair:3   | 13183 ||| INVOKING Heroism.
 13299 | Lair:3   | Found a staircase to the Shoals.
 13476 | Lair:3   | 13476 ||| READING scroll labelled DULEOB FA GUI.
 13525 | Lair:4   | 13525 ||| Stepping ~*~*~tactically~*~*~ (outnumbered).
 13529 | Lair:4   | 13529 ||| INVOKING Heroism.
 13630 | Lair:4   | Noticed a seven-headed hydra
 13631 | Lair:4   | 13631 ||| INVOKING Heroism.
 13640 | Lair:4   | HP: 29/118 [13-headed hydra (8)]
 13640 | Lair:4   | HP: 9/118 [13-headed hydra (7)]
 13640 | Lair:4   | Slain by a 13-headed hydra

Levels and vault maps discovered:
D:1:      dpeg_arrival_boxorama, layout_loops_ring
D:2:      layout_basic, shapermc_ecumenical_altar_pompeii,
          minmay_pentomino_pile, uniq_robin
D:3:      layout_loops_ring, grunt_ministairs_12, grunt_decor_one_mirror,
          pf_guarded_unrand_meek
D:4:      minmay_recursive_quarters, layout_rooms, ebering_ghost_disaster_area
D:5:      layout_basic, lemuel_another_geyser, uniq_menkaure
D:6:      layout_loops_ring, minmay_temple_entry_sparse_star,
          lightli_church_of_beogh
D:7:      layout_cave_pools, nicolae_ossuary_entry_catacombs, serial_park,
          serial_park_paths [serial_park_minivault_5x5_6], serial_park_square2,
          serial_park_tiny_pond
D:8:      layout_rooms, minmay_strange_pillars, uniq_grum
D:9:      layout_roguey, mainiacjoe_overflow_boulevard,
          mainiacjoe_overflow_chevrons, serial_shops, nicolae_diamond_shop
D:10:     layout_roguey, kennysheep_orc_sif_temple, nzn_makhleb_speed_demon,
          david_lair_shrubbed, uniq_psyche
Temple:   compressed_dpeg_circular_temple
Lair:1:   layout_regular_city, cheibrodos_lair_caveside_slide, uniq_amaemon
Lair:2:   layout_concentric_octagons, nicolae_quartered_pool_medium, uniq_fannar
Lair:3:   layout_roguey [special_room_mythical_zoo],
          minmay_shoals_entry_lonely_mermaid, minmay_snake_entry_guardpost_small
Lair:4:   layout_long_grid, minmay_slime_entry_pillars

Skill      XL: |  1  2  3  4  5  6  7  8  9 10 11 12 |
---------------+-------------------------------------+-----
Unarmed Combat | 4 5 7 8 9 11 13 14 16 18 | 18.0
Fighting       | 3 4 5 6 7 |  7.0
Throwing       | 1 2 3 4 |  4.1
Dodging        | 1 2 3 4 |  4.0
Armour         | 1 |  1.1
Invocations    | 3 5 |  5.4
Spellcasting   | |  1.0
Fire Magic     | |  2.1

Action                   |  1- 3 |  4- 6 |  7- 9 | 10-12 || total
-------------------------+-------+-------+-------+-------++-------
Melee: Unarmed           |   128 |   182 |   209 |   504 ||  1023
       Punch             |     2 |     5 |    12 |    37 ||    56
Throw: Boomerang         |       |    26 |    33 |    52 ||   111
       Large rock        |       |       |       |     9 ||     9
       Javelin           |       |       |       |     1 ||     1
Invok: Fiery Armour      |     1 |       |     8 |     3 ||    12
       Heroism           |       |       |       |    15 ||    15
  Use: Scroll            |     6 |     9 |     7 |    10 ||    32
       Potion            |       |       |     3 |     3 ||     6
 Stab: Sleeping          |       |       |       |     1 ||     1
Armor: Robe              |    39 |    50 |    90 |   206 ||   385
Dodge: Dodged            |    41 |    73 |    72 |   255 ||   441

Table legend:
 A = Non-vault XP
 B = Vault XP
 C = Vault XP percentage of total XP
 D = Non-vault monster count
 E = Vault monster count
 F = Vault count percentage of total count
                 A         B        C        D         E       F
            +---------+---------+-------+---------+---------+-------
      Total |   25221 |    9594 |  27.6 |     259 |      86 |  24.9
            +---------+---------+-------+---------+---------+-------
        D:1 |      41 |       0 |   0.0 |      24 |       0 |   0.0
        D:2 |     101 |      56 |  35.7 |      25 |      17 |  40.5
        D:3 |      80 |      55 |  40.7 |      27 |       6 |  18.2
        D:4 |     239 |     113 |  32.1 |      15 |       9 |  37.5
        D:5 |     245 |     172 |  41.2 |       8 |       1 |  11.1
        D:6 |    1652 |       0 |   0.0 |      30 |       0 |   0.0
        D:7 |     213 |     426 |  66.7 |       4 |      11 |  73.3
        D:8 |    1272 |     526 |  29.3 |      14 |       4 |  22.2
        D:9 |    2714 |       0 |   0.0 |      31 |       0 |   0.0
       D:10 |    2968 |    1016 |  25.5 |      22 |       8 |  26.7
     Lair:1 |    2789 |    1194 |  30.0 |      12 |       2 |  14.3
     Lair:2 |    9809 |    1078 |   9.9 |      34 |       2 |   5.6
     Lair:3 |    3098 |    4958 |  61.5 |      13 |      26 |  66.7
            +---------+---------+-------+---------+---------+-------
